 Dungeon Crawl Stone Soup version 0.20-a0-526-g753eaab (webtiles) character file.

221 kae the Slasher (level 5, -7/43 HPs)
             Began as a Barachian Fighter on Jan 26, 2017.
             Mangled by an ogre
             ... wielding a +0 giant spiked club
              (27 damage)
             ... on level 3 of the Dungeon.
             The game lasted 00:03:28 (3334 turns).

kae the Slasher (Barachian Fighter)                 Turns: 3334, Time: 00:03:28

Health: -7/43      AC:  7    Str: 15    XL:     5   Next: 98%
Magic:  5/5        EV:  6    Int:  7    God:
Gold:   172        SH:  8    Dex: 10    Spells: 4/4 levels left

rFire    + . .     SeeInvis .   a - +0 long sword
rCold    x . .     Gourm    .   b - +0 scale mail
rNeg     . . .     Faith    .   c - +0 shield
rPois    .         Spirit   .   (no helmet)
rElec    .         Reflect  .   (no cloak)
rCorr    .         Harm     .   (no gloves)
MR       .....                  (no boots)
Stlth    ..........             (no amulet)
Regen    0.2/turn               (no ring)
                                k - ring of fire

@: slow
A: swims, slowness 1, strong legs 1
a: Hop


You were on level 3 of the Dungeon.
You were very hungry.

You visited 1 branch of the dungeon, and saw 4 of its levels.

You collected 172 gold pieces.

Inventory:

Hand Weapons
 a - a +0 long sword (weapon)
Armour
 b - a +0 scale mail (worn)
 c - a +0 shield (worn)
Jewellery
 k - a ring of fire (left hand)
 n - an uncursed ring of positive energy {unknown}
 p - an uncursed ring of magical power {unknown}
Potions
 d - a potion of might
 g - a potion of degeneration
 l - a potion of flight
Comestibles
 f - 2 bread rations
 j - 2 fruits


   Skills:
 + Level 4.3 Fighting
 * Level 4.9 Long Blades
 + Level 4.6 Armour
 - Level 3.0 Shields


You had 4 spell levels left.
You didn't know any spells.

Dungeon Overview and Level Annotations

Branches:
Dungeon (4/15)
 Temple: D:4-7

Altars:


Innate Abilities, Weirdness & Mutations

You can swim through water.
You cover ground slowly.
You can hop short distances.


Message History

An orc wizard appears from thin air!
Reactivating autopickup.
The orc wizard points at you and mumbles some strange words.
The magic dart hits you!
The orc wizard points at you and mumbles some strange words.
The magic dart hits you!
The orc wizard casts a spell.
The orc wizard flickers and vanishes!
Deactivating autopickup; reactivate with Ctrl-A.
The ogre barely misses you.
You're too hungry.
There is a stone staircase leading up here.
The ogre barely misses you.
You see here 9 sling bullets.
You eat one of the 3 fruits.
You are feeling very hungry.
Mmmm...
Yummy rambutan.
The ogre hits you with a giant spiked club!!
Ouch! That really hurt!
You die...

##.......#..#...#. ##
##............... .#
#####.....#.#... .#
###############....##...#.
.#######.......................##
.........#######...........##.###
#..##########....####......##.# #
##.######.....######....##.##.# #
#........######@O(..<..##..#.###
###.#.##### #..................
....#...## ####..#.####..........
#######..###.......# #..........
##.....##..#### #..........
########..........# #........>.
#...# #...........# #.######...
#...###.#.####....# #.# ##....
###......<###.....###.####.....


You could see an ogre.

Vanquished Creatures
  A scorpion (D:4)
  A howler monkey (D:4)
  A worker ant (D:4)
  4 adders
  An ooze (D:3)
  3 worms (D:2)
  A dart slug (D:1)
  A leopard gecko (D:1)
  An orc (D:4)
  4 giant cockroaches
  9 goblins
  4 hobgoblins
  6 jackals (D:2)
  A quokka (D:2)
  2 ball pythons
  7 bats
  4 frilled lizards (D:2)
  2 kobolds
  5 rats
58 creatures vanquished.

Notes
Turn   | Place    | Note
-------+----------+-------------------------------------------
     0 | D:1      | kae the Barachian Fighter began the quest for the Orb.
     0 | D:1      | Reached XP level 1. HP: 18/18 MP: 1/1
   278 | D:1      | Reached XP level 2. HP: 24/24 MP: 2/2
   864 | D:2      | Reached XP level 3. HP: 29/29 MP: 3/3
  1527 | D:2      | Reached XP level 4. HP: 22/36 MP: 4/4
  2260 | D:3      | Noticed an ogre
  2593 | D:4      | Reached XP level 5. HP: 15/42 MP: 5/5
  2689 | D:4      | HP: 2/42 [poisoned by a scorpion]
  3334 | D:3      | Mangled by an ogre

Vault maps used:
D:1:      dpeg_arrival_rooms_a
D:2:      minmay_wonky_spiral, first_bread
D:4:      temple_doors_e, saegor_snake_ambush, uniq_blork_the_orc

Skill      XL: |  1  2  3  4 |
---------------+-------------+-----
Long Blades    | 3 4 |  4.9
Armour         | 4 |  4.6
Fighting       | 4 |  4.3
Shields        | |  3.0

Action                   |  1- 3 |  4- 6 || total
-------------------------+-------+-------++-------
Melee: Long sword        |   149 |   128 ||   277
 Abil: Hop               |       |     4 ||     4
  Use: Scroll            |       |     5 ||     5
       Potion            |       |     4 ||     4
  Eat: Chunk             |     3 |     4 ||     7
       Fruit             |       |     1 ||     1
Armor: Scale mail        |    71 |    77 ||   148
Dodge: Dodged            |    42 |    35 ||    77
Block: Shield            |    76 |    80 ||   156
       Rpst.: Long sword |    13 |     9 ||    22
